 Dungeon Crawl Stone Soup version 0.31-a0-175-g9f7f995f2b (webtiles) character file.

Game seed: 9590930711416973877

158 qw the Shooter (level 5, -2/32 HPs)
             Began as a Gargoyle Hunter on June 16, 2023.
             Slain by an ufetubus (3 damage)
             ... summoned by Eustachio
             ... on level 4 of the Dungeon.
             The game lasted 00:00:56 (2044 turns).

qw the Shooter (Gargoyle Hunter)                    Turns: 2044, Time: 00:00:57

Health: -2/32      AC:  6    Str: 14      XL:     5   Next: 40%
Magic:  5/5        EV: 10    Int: 13      God:
Gold:   164        SH:  0    Dex:  9 (14) Spells: 4/4 levels left

rFire   . . .        Y - +1 shortbow
rCold   . . .        (shield currently unavailable)
rNeg    + . .        d - +0 ring mail
rPois   inf          (no helmet)
rElec   +            (no cloak)
rCorr   .            (no gloves)
SInv    .            (no boots)
Will    .....        (no amulet)
Stlth   +            (no ring)
HPRegen 0.25/turn    (no ring)
MPRegen 0.09/turn

%: no passive effects
@: no status effects
A: sickness immunity, AC +4, negative energy resistance 1, electricity
resistance, torment resistance 1, petrification resistance, clever 1, deformed
body, high MP 1
a: no special abilities


You were on level 4 of the Dungeon.
You visited 1 branch of the dungeon, and saw 4 of its levels.

You collected 164 gold pieces.


Innate Abilities, Weirdness & Mutations

You are immune to sickness and miasma.
Your stone body is resilient. (AC +4)
You are immune to poison.
You resist negative energy. (rN+)
You are resistant to electric shocks. (rElec)
You are resistant to unholy torment.
You are immune to petrification.
Your mind is acute. (Int +4, Str/Dex -1)
Armour fits poorly on your strangely shaped body.
You have an increased reservoir of magic. (+10% MP)


   Skills:
 + Level 3.1 Fighting
 - Level 6.0 Ranged Weapons
 - Level 1.0 Armour
 - Level 1.5 Dodging
 - Level 1.1 Stealth


You had 4 spell levels left.
You didn't know any spells.
Your spell library was empty.

Inventory:

Hand Weapons
 Y - a +1 shortbow (weapon)
Armour
 d - a +0 ring mail (worn)
Jewellery
 a - a ring of fire
Scrolls
 h - a scroll of identify
Potions
 b - a potion of cancellation
 f - a potion of lignification
 g - a potion of brilliance {unknown}
 j - a potion of haste {unknown}
 k - a potion of heal wounds {unknown}

Dungeon Overview and Level Annotations

Branches:
Dungeon (4/15)
 Temple: D:4-7

Altars:
Wu Jian

Annotations:
D:4 1 runed translucent door, Eustachio


Message History

The ufetubus hits you but does no damage.
The ufetubus barely misses you. The quasit barely misses you.
The quasit claws you but does no damage.
The quasit claws you. The quasit bites you.
You feel clumsy. The quasit closely misses you.
The quasit completely misses you. The ufetubus completely misses you.
The ufetubus closely misses you.
You shoot an arrow. The arrow misses the quasit.
The arrow misses Eustachio.
The ufetubus barely misses you. The ufetubus hits you.
The quasit bites you but does no damage.
The quasit misses you. The quasit claws you.
You feel clumsy.
The ufetubus hits you but does no damage. x2
You shoot an arrow.
The arrow hits the quasit but does no damage.
The quasit is moderately wounded.
The quasit bites you.
You feel clumsy. The quasit barely misses you. x2
The ufetubus hits you but does no damage.
The ufetubus closely misses you.
The quasit bites you but does no damage.
The quasit claws you but does no damage.
The quasit barely misses you.
You shoot an arrow.
The arrow hits the quasit but does no damage.
The quasit is moderately wounded.
The ufetubus hits you. x2; The quasit bites you.
The quasit closely misses you. x2
The ufetubus barely misses you. The ufetubus hits you.
You shoot an arrow. The arrow misses the quasit.
The arrow hits Eustachio!
Eustachio is moderately wounded.
The ufetubus hits you. The ufetubus completely misses you.
The quasit bites you.
You feel clumsy.
The quasit claws you but does no damage.
The quasit closely misses you.
The quasit bites you but does no damage.
The quasit claws you. x2
You feel clumsy. The ufetubus hits you. x2
You die...

.............#
.............#
.............#
.............#
.>...........#
.............#
.....).......########.##
..............##.......#
...#'#........@5@5.....+
...#.#.##.###.##.......#
...#.#..#.# #.#....<...#
#..#.#..<.# #.#........#
#..#.#..#.# #..........#
######..#.# ##.........#
~~ #..#.# #...?....##
######..#.# #.########
...#.####.##


You could see Eustachio, a quasit (summoned) and an ufetubus (summoned).

Vanquished Creatures
  A hound (D:4)
  Jessica (D:3)
  2 adders
  5 worms
  An orc (D:3)
  6 ball pythons
  8 bats
  6 endoplasms
  3 giant cockroaches
  6 goblins
  6 hobgoblins
  4 jackals (D:1)
  2 kobolds
  2 quokkas
  4 frilled lizards
  6 rats
63 creatures vanquished.

Notes
Turn   | Place    | Note
-------+----------+-------------------------------------------
     0 | D:1      | qw the Gargoyle Hunter began the quest for the Orb.
     0 | D:1      | Reached XP level 1. HP: 12/12 MP: 1/1
     0 | D:1      | 0 ||| qw: Version: 0.2-a-29-g511e9b1
     0 | D:1      | 0 ||| qw: Game counter: 24
     0 | D:1      | 0 ||| qw: Always use a shield: true
     0 | D:1      | 0 ||| qw: God list: Okawaru
     0 | D:1      | 0 ||| qw: Allow faded altars: false
     0 | D:1      | 0 ||| qw: Do Orc after D:15 true
     0 | D:1      | 0 ||| qw: Do second Lair branch before Depths: true
     0 | D:1      | 0 ||| qw: Lair rune preference: random
     0 | D:1      | 0 ||| qw: Plans: Normal, Zot:1-4, Slime:5, God:TSO, Crypt,
                  | Tomb, Abyss, Pan, Hells, Win
     0 | D:1      | 0 ||| PLANNING D:1-11
   111 | D:1      | Reached XP level 2. HP: 17/17 MP: 2/2
   302 | D:1      | 302 ||| READING 3 scrolls labelled KEXOSU MIANUMO.
   307 | D:1      | 307 ||| READING scroll labelled KEQEEPR BILLALON.
   308 | D:1      | 308 ||| DROPPING 2 scrolls of fog.
   317 | D:1      | Reached XP level 3. HP: 19/21 MP: 3/3
   440 | D:1      | 440 ||| DROPPING scroll of butterflies.
   468 | D:2      | Reached skill level 5 in Ranged Weapons
   814 | D:2      | Reached skill level 3 in Fighting
   848 | D:2      | Reached XP level 4. HP: 28/28 MP: 4/4
  1073 | D:2      | 1073 ||| UPGRADING to +0 ring mail.
  1083 | D:2      | 1083 ||| DROPPING +0 leather armour.
  1084 | D:2      | 1084 ||| READING 2 scrolls labelled XUYSIGG UGRIWKEKH.
  1102 | D:2      | 1102 ||| READING scroll labelled WITOSHR XYEBU.
  1103 | D:2      | 1103 ||| READING scroll labelled PIHOUREFOK.
  1104 | D:2      | 1104 ||| READING scroll labelled WAEQ XUR PUOLE.
  1105 | D:2      | 1105 ||| DRINKING 2 purple potions.
  1106 | D:2      | 1106 ||| DROPPING scroll of torment.
  1107 | D:2      | 1107 ||| DROPPING potion of invisibility.
  1133 | D:3      | 1133 ||| STAIRDANCE
  1138 | D:2      | HP: 7/28 [frozen (2)]
  1260 | D:3      | Reached skill level 1 in Armour
  1317 | D:3      | Noticed Jessica
  1320 | D:3      | Killed Jessica
  1356 | D:3      | Found a faded altar of an unknown god.
  1455 | D:3      | Reached XP level 5. HP: 32/32 MP: 5/5
  1690 | D:3      | Found an ornate altar of the Wu Jian Council.
  1879 | D:3      | 1879 ||| READING scroll labelled DOROFE MAHIBO.
  1880 | D:3      | 1880 ||| READING scroll labelled DIDEPEKKYKI.
  1883 | D:3      | 1883 ||| DRINKING 3 metallic purple potions.
  1883 | D:3      | Gained mutation: You passively map a small area around you.
                  | [potion of mutation]
  1883 | D:3      | Gained mutation: Your flesh is heat resistant. (rF+)
                  | [potion of mutation]
  1883 | D:3      | Gained mutation: Potions are less effective at restoring
                  | your health. [potion of mutation]
  1883 | D:3      | Gained mutation: You expend magic power (3 MP) to
                  | strengthen your wands. [potion of mutation]
  1884 | D:3      | 1884 ||| DRINKING 2 potions of mutation.
  1884 | D:3      | Lost mutation: You expend magic power (3 MP) to strengthen
                  | your wands. [potion of mutation]
  1884 | D:3      | Lost mutation: You passively map a small area around you.
                  | [potion of mutation]
  1885 | D:3      | 1885 ||| DRINKING potion of mutation.
  1885 | D:3      | Lost mutation: Potions are less effective at restoring your
                  | health. [potion of mutation]
  1885 | D:3      | Lost mutation: Your flesh is heat resistant. (rF+) [potion
                  | of mutation]
  1885 | D:3      | Gained mutation: Your mind is acute. (Int +4, Str/Dex -1)
                  | [potion of mutation]
  1885 | D:3      | Gained mutation: You have an increased reservoir of magic.
                  | (+10% MP) [potion of mutation]
  1885 | D:3      | Gained mutation: Armour fits poorly on your strangely
                  | shaped body. [potion of mutation]
  1886 | D:3      | 1886 ||| READING 3 scrolls of identify.
  1886 | D:3      | 1886 ||| IDENTIFYING fizzy grey potion
  1887 | D:3      | 1887 ||| READING 2 scrolls of identify.
  1887 | D:3      | 1887 ||| IDENTIFYING cyan potion
  1912 | D:4      | Found a runed translucent door.
  1923 | D:4      | Reached skill level 6 in Ranged Weapons
  2028 | D:4      | Noticed Eustachio
  2044 | D:4      | HP: 7/32 [ufetubus[Eustachio] (3)]
  2044 | D:4      | HP: 3/32 [quasit[Eustachio] (2)]
  2044 | D:4      | HP: 1/32 [ufetubus[Eustachio] (2)]
  2044 | D:4      | Slain by an ufetubus

Levels and vault maps discovered:
D:1:      dpeg_arrival_round_b, layout_rooms, minmay_heptomino_l4
D:2:      layout_loops_ring
D:3:      layout_rooms, nicolae_wu_jian_wuxing_cycle,
          dreamdust_ecumenical_altar_hidden_monk_grotto,
          kennysheep_generic_room_11, uniq_jessica
D:4:      layout_basic, minmay_temple_entry_overgrown, serial_demonic,
          serial_demonic_c, serial_demonic_b, serial_demonic_d,
          serial_demonic_c, ebering_ghost_sewer_d, dreamdust_gnoll_farm,
          uniq_eustachio

Skill      XL: |  1  2  3  4  5 |
---------------+----------------+-----
Ranged Weapons | 5 6 |  6.0
Fighting       | 3 |  3.1
Armour         | 1 |  1.0
Dodging        | |  1.5
Stealth        | |  1.1

Action                     |  1- 3 |  4- 6 || total
---------------------------+-------+-------++-------
   Fire: Shortbow          |   109 |   110 ||   219
    Use: Scroll            |     2 |     8 ||    10
         Potion            |       |     4 ||     4
 Armour: Leather armour    |    11 |       ||    11
         Ring mail         |       |    33 ||    33
  Dodge: Dodged            |    35 |    49 ||    84

Table legend:
 A = Non-vault XP
 B = Vault XP
 C = Vault XP percentage of total XP
 D = Non-vault monster count
 E = Vault monster count
 F = Vault count percentage of total count
                 A         B        C        D         E       F
            +---------+---------+-------+---------+---------+-------
      Total |     183 |      44 |  19.4 |      58 |       5 |   7.9
            +---------+---------+-------+---------+---------+-------
        D:1 |      33 |       5 |  13.2 |      18 |       3 |  14.3
        D:2 |      53 |       0 |   0.0 |      20 |       0 |   0.0
        D:3 |      50 |      39 |  43.8 |      17 |       2 |  10.5
        D:4 |      47 |       0 |   0.0 |       3 |       0 |   0.0
            +---------+---------+-------+---------+---------+-------
